 Dungeon Crawl Stone Soup version 0.21-a0-241-g2cbab09 (webtiles) character file.

489 Chiseanne the Fighter (level 7, -5/81 HPs)
             Began as an Ogre Wanderer on Sept 3, 2017.
             Slain by an orc warrior
             ... wielding a +0 hand axe
              (17 damage)
             ... on level 5 of the Dungeon.
             The game lasted 00:09:10 (4844 turns).

Chiseanne the Fighter (Ogre Wanderer)               Turns: 4844, Time: 00:09:11

Health: -5/81      AC: 12    Str: 18    XL:     7   Next: 14%
Magic:  16/16      EV: 10    Int: 12    God:
Gold:   249        SH:  0    Dex: 10    Spells: 6/6 levels left

rFire    . . .     SeeInvis .   s - +0 morningstar (protect)
rCold    . . .     Gourm    .   (no shield)
rNeg     . . .     Faith    .   d - +0 robe
rPois    .         Spirit   .   (helmet restricted)
rElec    .         Reflect  .   w - +1 cloak
rCorr    +         Harm     .   (gloves unavailable)
MR       .....                  (boots unavailable)
Stlth    +.........             (no amulet)
HPRegen  0.23/turn              j - ring of magical power
MPRegen  0.15/turn              l - ring of resist corrosion

@: protection aura
A: unfitting armour, tough skin 1
a: no special abilities


You were on level 5 of the Dungeon.
You were not hungry.

You visited 1 branch of the dungeon, and saw 5 of its levels.

You collected 249 gold pieces.

Inventory:

Hand Weapons
 a - a +3 quarterstaff
 s - a +0 morningstar of protection (weapon)
Missiles
 q - 53 arrows
 r - 59 stones (quivered)
 t - 39 sling bullets
 u - 5 silver tomahawks
 v - 70 bolts
 y - 8 poisoned needles
Armour
 d - a +0 robe (worn)
 w - a +1 cloak (worn)
Jewellery
 i - a +3 ring of intelligence
 j - a ring of magical power (left hand)
 l - a ring of resist corrosion (right hand)
 A - an uncursed ring of wizardry
Wands
 B - a wand of iceblast (1/15)
 E - a wand of random effects (13/48)
Scrolls
 c - 4 scrolls of teleportation
 h - 3 scrolls of amnesia
 p - 3 scrolls of immolation
 D - 2 scrolls of remove curse
Potions
 b - 3 potions of lignification
 e - 2 potions of flight
 g - a potion of brilliance {unknown}
 m - a potion of resistance
 x - 3 potions of curing
 z - 4 potions of haste
 C - a potion of ambrosia {unknown}
Comestibles
 f - 7 bread rations
 k - 4 royal jellies
 n - 3 meat rations
 o - a fruit
 F - 3 chunks of flesh


   Skills:
 * Level 8.6 Fighting
   Level 1.0 Axes
 * Level 4.8 Staves
 - Level 1.0 Throwing
 * Level 3.3 Dodging
 - Level 1.0 Stealth


You had 6 spell levels left.
You didn't know any spells.

Dungeon Overview and Level Annotations

Branches:
Dungeon (5/15)
 Temple: D:4-7

Altars:
Nemelex Xobeh
Ru


Innate Abilities, Weirdness & Mutations

You are too large for most types of armour.
You have tough skin. (AC +1)


Message History

You closely miss the orc warrior.
The orc warrior is moderately wounded.
The orc wizard mumbles some strange words.
The orc wizard seems to speed up.
The orc warrior hits you with a hand axe.
You puncture the orc warrior!
Your weapon exudes an aura of protection.
The orc warrior is heavily wounded.
The orc warrior hits you with a hand axe!
* * * LOW HITPOINT WARNING * * *
The orc warrior hits you with a hand axe.
* * * LOW HITPOINT WARNING * * *
You barely miss the orc warrior.
The orc warrior is heavily wounded.
The orc warrior hits you with a hand axe.
* * * LOW HITPOINT WARNING * * *
You hit the orc warrior.
The orc warrior is severely wounded.
The orc warrior hits you with a hand axe!
You die...

######........'......
#.......o....o#
#........#####)o....#
####.......o# o......
#ยง##........# ...)...
#.##......Z.#####.......
#.########o#....#.......
#.########o#....#.......
#.#....@ooo'....+.......
#.#.########....#
#.#'### #....# #.....#
#....# #.....# ######
######.....#
#..........#########
#.#####............# #.#
#............##


You could see an orc warrior, an orc wizard and 2 orcs.

Vanquished Creatures
  4 orc wizards (D:4)
  2 orc priests (D:4)
  An iguana (D:4)
  2 worker ants (D:4)
  Terence (D:2)
  A howler monkey skeleton (D:4)
  3 gnolls (D:5)
  7 adders
  2 oozes
  2 adder skeletons
  2 worms
  A dart slug (D:2)
  3 leopard geckos
  17 orcs
  6 bats
  4 giant cockroaches
  10 hobgoblins
  2 jackals (D:2)
  7 kobolds
  A quokka (D:4)
  A ball python (D:2)
  A ball python skeleton (D:4)
  3 frilled lizards (D:3)
  6 goblins
  A jackal skeleton (D:4)
  8 rats
98 creatures vanquished.

Notes
Turn   | Place    | Note
-------+----------+-------------------------------------------
     0 | D:1      | Chiseanne the Ogre Wanderer began the quest for the Orb.
     0 | D:1      | Chiseanne set off with: a +2 quarterstaff, a potion of lignification, a scroll of teleportation, a +0 robe, a bread ration
     0 | D:1      | Reached XP level 1. HP: 29/29 MP: 1/1
   138 | D:1      | Reached XP level 2. HP: 30/37 MP: 2/2
   563 | D:1      | Reached skill level 1 in Dodging
   889 | D:2      | Reached XP level 3. HP: 42/45 MP: 3/3
  1132 | D:2      | Found a sparkling altar of Nemelex Xobeh.
  1236 | D:2      | Reached skill level 7 in Fighting
  1241 | D:2      | Reached XP level 4. HP: 32/55 MP: 4/4
  1479 | D:2      | Noticed Terence
  1514 | D:2      | Killed Terence
  2088 | D:3      | Reached XP level 5. HP: 58/62 MP: 5/5
  2223 | D:3      | Found a sacrificial altar of Ru.
  3243 | D:4      | Reached XP level 6. HP: 32/72 MP: 6/6
  3443 | D:4      | Reached skill level 8 in Fighting
  4250 | D:4      | Reached XP level 7. HP: 81/81 MP: 7/7
  4548 | D:5      | Entered Level 5 of the Dungeon
  4844 | D:5      | Slain by an orc warrior

Vault maps used:
D:1:      matt_arrival_debris, hangedman_decor_clover_reticule
D:2:      minmay_wonky_spiral, old_standard_altar, first_bread, uniq_jessica,
          uniq_sigmund, uniq_terence
D:3:      marbit_many_paths
D:4:      minmay_joined_circles

Skill      XL: |  1  2  3  4  5  6 |
---------------+-------------------+-----
Dodging        | 1 2 3 |  3.3
Fighting       | 7 8 |  8.6
Staves         | 3 4 |  4.8
Axes           | |  1.0
Throwing       | |  1.0
Stealth        | |  1.0

Action                   |  1- 3 |  4- 6 |  7- 9 || total
-------------------------+-------+-------+-------++-------
Melee: Quarterstaff      |    82 |   182 |    31 ||   295
       Morningstar       |       |    13 |     4 ||    17
  Use: Scroll            |       |    13 |     1 ||    14
 Stab: Sleeping          |       |     4 |       ||     4
  Eat: Chunk             |     1 |    10 |     2 ||    13
Armor: Robe              |    26 |    45 |     5 ||    76
Dodge: Dodged            |    39 |    86 |    13 ||   138

Table legend:
 A = Spawn XP
 B = Non-spawn XP
 C = Spawn XP percentage of total XP
 D = Spawn monster count
 E = Non-spawn monster count
 F = Spawn count percentage of total count
 G = Total turns spent on level
                    A         B        C        D         E        F      G
               +---------+---------+-------+---------+---------+-------+---------
         Total |     108 |     591 |  15.5 |      17 |      81 |  17.3 |  4844
               +---------+---------+-------+---------+---------+-------+---------
           D:1 |       4 |      28 |  12.5 |       2 |      14 |  12.5 |   880
           D:2 |      30 |      77 |  28.0 |       4 |      19 |  17.4 |   937
           D:3 |       1 |      43 |   2.3 |       1 |      20 |   4.8 |  1111
           D:4 |      73 |     393 |  15.7 |      10 |      23 |  30.3 |  1620
           D:5 |       0 |      50 |   0.0 |       0 |       5 |   0.0 |   296
               +---------+---------+-------+---------+---------+-------+---------
